 Dungeon Crawl Stone Soup version 0.29.1-15-g9cfb28693d (webtiles) character file.

Game seed: 13910456137775468915

142018 LustLizard the Fighter (level 17, -6/112 HPs)
             Began as a Gargoyle Earth Elementalist on Mar 17, 2023.
             Was a High Priest of Makhleb.
             Killed from afar by a merfolk aquamancer (42 damage)
             ... with a shard of ice
             ... on level 4 of the Shoals on Mar 19, 2023.
             The game lasted 01:52:23 (47912 turns).

LustLizard the Fighter (GrEE)                      Turns: 47912, Time: 01:52:23

Health: -6/112     AC: 24    Str: 11    XL:     17   Next: 34%
Magic:  21/30      EV: 11    Int: 37    God:    Makhleb [*****.]
Gold:   512        SH:  0    Dex: 13    Spells: 9/35 levels left

rFire   . . .      SeeInvis .   C - +3 quarterstaff of Gehenna {speed, rElec rCorr Stlth+}
rCold   . . .      Faith    +   (shield currently unavailable)
rNeg    + + .      Spirit   .   x - +3 leather armour {rN+}
rPois   ∞          Reflect  .   W - +1 hat
rElec   +          Harm     .   B - +0 cloak
rCorr   +          Rampage  .   i - +0 pair of gloves {hurl}
Will    +....                   U - +0 pair of boots {Stlth+}
Stlth   ++++......              l - amulet "Bilah" {Faith Drain +Blink Dex+3}
HPRegen 0.28/turn               V - +6 ring of intelligence
MPRegen 0.22/turn               P - +6 ring of intelligence

@: flying
A: sickness immunity, AC +12, big wings, negative energy resistance 1,
electricity resistance, torment resistance 1, petrification resistance
a: Renounce Religion, Evoke Blink, Minor Destruction, Lesser Servant of Makhleb,
Major Destruction, Greater Servant of Makhleb


You were on level 4 of the Shoals.
You worshipped Makhleb.
Makhleb was extremely pleased with you.
You visited 5 branches of the dungeon, and saw 27 of its levels.
You visited 1 bazaar.
You also visited: Gauntlet and Volcano.

You collected 3603 gold pieces.
You spent 3091 gold pieces at shops.

Inventory:

Hand Weapons
 C - the +3 quarterstaff of Gehenna (weapon) {speed, rElec rCorr Stlth+}
   (You acquired it on level 1 of the Shoals)

   Attacks with this weapon are significantly faster.
   rElec:     It insulates you from electricity.
   rCorr:     It protects you from acid and corrosion.
   Stlth:     It makes you more stealthy.
Missiles
 N - 3 throwing nets
Armour
 d - the +1 crystal plate armour "Vihasyil" {rF+ rN+++ SInv Stlth-}
   (You took it off a minotaur in a Gauntlet)

   rF:        It protects you from fire.
   rN:        It renders you almost immune to negative energy.
   SInv:      It lets you see invisible.
   Stlth:     It makes you less stealthy.
 i - a +0 pair of gloves of hurling (worn)
 m - a +0 buckler of cold resistance
 q - a +2 leather armour of cold resistance
 x - a +3 leather armour of positive energy (worn)
 B - a +0 cloak (worn)
 T - +0 fire dragon scales
 U - a +0 pair of boots of stealth (worn)
 W - a +1 hat (worn)
Magical Staves
 e - a staff of earth
Jewellery
 l - the amulet "Bilah" (around neck) {Faith Drain +Blink Dex+3}
   (You acquired it on level 1 of the Shoals)

   [amulet of faith]

   It allows you to gain divine favour quickly.
   Dex:       It affects your dexterity (+3).
   +Blink:    It lets you blink.
   Drain:     It drains your maximum health when unequipped.
 y - an amulet of reflection
 F - a ring of see invisible
 L - a ring of resist corrosion
 M - a +6 ring of strength
 P - a +6 ring of intelligence (right hand)
 V - a +6 ring of intelligence (left hand)
 Z - a ring of ice
Wands
 n - a wand of charming (9)
 s - a wand of digging (5)
 O - a wand of iceblast (27)
 Q - a wand of polymorph (5)
 R - a wand of flame (27)
Scrolls
 a - 3 scrolls of blinking
 g - 2 scrolls of torment
 h - a scroll of summoning
 j - 6 scrolls of teleportation
 k - 2 scrolls of noise
 p - 4 scrolls of butterflies
 r - 3 scrolls of enchant armour
 u - 2 scrolls of brand weapon
 v - 2 scrolls of enchant weapon
 D - a scroll of magic mapping
 E - 10 scrolls of immolation
 H - 4 scrolls of poison
 J - a scroll of silence
Potions
 b - 5 potions of magic
 c - 3 potions of invisibility
 f - 2 potions of brilliance
 o - 4 potions of curing
 t - a potion of cancellation
 w - 7 potions of resistance
 z - 4 potions of mutation
 A - 4 potions of ambrosia
 G - 8 potions of haste
 I - 5 potions of might
 K - a potion of berserk rage
 S - 2 potions of heal wounds
Miscellaneous
 X - a box of beasts
 Y - a phantom mirror


   Skills:
 - Level 14.7 Fighting
 + Level 3.9(4.1) Polearms
 - Level 1.9(3.3) Staves
 - Level 6.0 Armour
 - Level 1.5 Dodging
 - Level 2.1 Stealth
 - Level 6.0 Shields
 - Level 9.9 Spellcasting
 + Level 13.0 Conjurations
 - Level 3.2 Hexes
 - Level 4.7 Transmutations
 - Level 14.4 Earth Magic
 * Level 7.0 Poison Magic
 - Level 14.1 Invocations
 + Level 7.6 Evocations


You had 9 spell levels left.
You knew the following spells:

 Your Spells              Type           Power      Damage    Failure   Level
a - Sandblast             Erth           100%       2d20      0%          1
b - Stone Arrow           Conj/Erth      100%       3d13      1%          3
c - Petrify               Tmut/Erth      73%        N/A       1%          4
d - Fulminant Prism       Conj/Hex       34%        3d16      1%          4
e - Lee's Rapid Deconstr  Erth           45%        3d23*     1%          5
f - Olgreb's Toxic Radia  Pois           63%        N/A       1%          4
g - Fireball              Conj/Fire      30%        3d13      5%          5

Your spell library contained the following spells:

 Spells                   Type           Power      Damage    Failure   Level
 Magic Dart               Conj           100%       1d8       0%          1
 Beastly Appendage        Tmut           100%       N/A       1%          1
 Sting                    Tmut/Pois      100%       1d8       1%          1
 Passwall                 Tmut/Erth      60%        N/A       1%          2
 Poisonous Vapours        Pois/Air       88%        N/A       1%          2
 Searing Ray              Conj           100%       2d8       1%          2
 Wereblood                Tmut           52%        N/A       1%          2
 Dazzling Flash           Conj/Hex       100%       N/A       1%          3
 Mephitic Cloud           Conj/Pois/Air  61%        N/A       1%          3
 Spider Form              Tmut/Pois      58%        N/A       1%          3
 Hailstorm                Conj/Ice       61%        3d13      1%          4
 Leda's Liquefaction      Hex/Erth       35%        N/A       1%          4
 Iskenderun's Battlesphe  Conj           86%        2d13      1%          5
 Confusing Touch          Hex            42%        N/A       2%          3
 Call Imp                 Summ           18%        N/A       4%          2
 Gell's Gravitas          Tloc           18%        N/A       9%          3
 Ozocubu's Armour         Ice            18%        N/A       9%          3
 Teleport Other           Tloc           18%        N/A       9%          3
 Corpse Rot               Necr/Pois/Air  35%        N/A       11%         4
 Ice Form                 Ice/Tmut       35%        N/A       11%         4
 Orb of Destruction       Conj           43%        9d12      11%         7
 Yara's Violent Unravell  Hex/Tmut       23%        3d10      16%         5
 Conjure Ball Lightning   Conj/Air       30%        3x3d10    28%         6
 Silence                  Hex/Air        15%        N/A       36%         5
 Agony                    Necr           18%        N/A       61%         5
 Dispersal                Tloc           9%         N/A       99%         6
 Simulacrum               Ice/Necr       9%         N/A       99%         6
 Enfeeble                 Hex            21%        N/A       99%         7
 Ozocubu's Refrigeration  Ice            9%         4d9       100%        7
 Statue Form              Tmut/Erth      Unusable   N/A       N/A         6

Dungeon Overview and Level Annotations

Branches:
Dungeon (15/15)            Temple (1/1) D:5            Lair (5/5) D:9
 Shoals (4/4) Lair:2       Spider (0/4) Lair:2        Slime (0/5) Lair:5
    Orc (2/2) D:10            Elf (0/3) Orc:2        Vaults (0/5) D:13
 Depths (0/4) D:15        Volcano (visited)         Gauntlet (visited)

Altars:
Ashenzari
Cheibriados
Dithmenos
Fedhas
Kikubaaqudgha
Makhleb
Qazlal
Sif Muna
Trog
Uskayaw
Wu Jian
Xom
Jiyva

Shops:
D:3 (   D:11 (   D:15 !   Orc:2 *[:(   Shoals:3 (!

Annotations:
D:10 3 runed translucent doors, fishwithlegs's ghost, journeyman MiBe
Lair:4 1 runed translucent door, Kuerar's ghost, journeyman BaFi
Shoals:2 Ilsuiw; Polyphemus
Shoals:4 exclusion: upstairs, Louise


Innate Abilities, Weirdness & Mutations

You are immune to sickness and miasma.
Your stone body is resilient. (AC +12)
You are immune to poison.
Your large and strong wings let you fly.
You resist negative energy. (rN+)
You are resistant to electric shocks. (rElec)
You are resistant to unholy torment.
You are immune to petrification.


Message History

The blast of sand hits the dream sheep.
The dream sheep is moderately wounded.
The snapping turtle bites you from afar.
The dream sheep bites you. The snapping turtle barely misses you.
Aiming: Sandblast (safe; 0% risk of failure)
Press: ? - help, Q - select action, (/) - cycle Shift-Dir - straight line, f/p - dream sheep
Aim: a dream sheep (moderately wounded, 85% to hit)
The blast of sand hits the dream sheep.
The dream sheep is heavily wounded.
The dream sheep bites you but does no damage.
The merfolk aquamancer hits you with a +0 rapier.
The snapping turtle bites you from afar.
The dream sheep barely misses you.
The merfolk aquamancer hits you but does no damage.
Aiming: Sandblast (safe; 0% risk of failure)
Press: ? - help, Q - select action, (/) - cycle Shift-Dir - straight line, f/p - dream sheep
Aim: a dream sheep (heavily wounded, 85% to hit)
The blast of sand hits the dream sheep!!
You kill the dream sheep!
Makhleb accepts your kill.
You feel better.
The snapping turtle bites you from afar!
The merfolk aquamancer closely misses you.
The snapping turtle bites you from afar!
Things that are here:
a +0 robe; a +0 rapier
Casting: Sandblast (safe; 0% risk of failure)
Confirm with . or Enter, or press ? or * to list all spells.
Aiming: Stone Arrow (safe; 1% risk of failure)
Press: ? - help, Shift-Dir - straight line, f - merfolk aquamancer
Aim: a merfolk aquamancer, wielding a +0 rapier and wearing a +0 robe (72% to hit)
The stone arrow hits the merfolk aquamancer!!
The merfolk aquamancer is moderately wounded.
The merfolk aquamancer hits you with a +0 rapier!
The merfolk aquamancer points at you and mumbles some strange words.
The shard of ice misses you. The snapping turtle bites you!
There is a stone staircase leading up here.
The merfolk aquamancer casts a spell at you.
The shard of ice hits you!!!
You die...

.
##~......~~~~..
.
#........~~....
##........~~....
...........~~...
............~...
................
.......t††...~..
#...m@..~..[.
#...[$†~~....
#..~...~....$
##...~..~~...
##.!.~~~~~..
##.~~~~~~~.
#.~~≈≈~~~~
..~~≈≈≈~~~
..~~≈≈≈≈≈


You could see a merfolk aquamancer and a snapping turtle.

Vanquished Creatures
  A reaper (Gauntlet)
  3 minotaurs
  2 fire dragons (D:15)
  5 merfolk impalers
  9 hydras
  A vault guard (D:13)
  Harold (D:11)
  5 boulder beetles
  A merfolk avatar (Shoals:1)
  An ogre mage (D:15)
  A death knight (D:15)
  Erica (Lair:1)
  3 centaur warriors
  3 catoblepae
  2 merfolk aquamancers
  3 satyrs
  A tengu warrior (Gauntlet)
  6 two-headed ogres
  9 death yaks
  An alligator (shapeshifter) (Gauntlet)
  A deep troll shaman (Lair:5)
  An orc high priest (Orc:2)
  A hell knight (Volcano)
  Sonja (Lair:4)
  3 sixfirhies (Gauntlet)
  7 sea snakes
  A wizard (D:15)
  A bog body (Lair:4)
  A deep elf pyromancer (Volcano)
  A lindwurm (Lair:5)
  3 orc knights
  3 oklob plants
  9 harpies
  2 orc sorcerers (Orc:2)
  2 salamanders (Volcano)
  8 cyclopes
  5 ugly things
  8 merfolk sirens
  13 elephants
  2 manticores
  7 fauns
  3 water nymphs
  2 black mambas (Lair:4)
  5 molten gargoyles (Volcano)
  2 torpor snails
  5 gargoyles (Volcano)
  9 cane toads
  12 rime drakes
  Psyche (D:8)
  4 freezing wraiths
  15 komodo dragons
  2 kobold demonologists
  3 efreet
  An unseen horror (D:10)
  5 yaktaurs (D:15)
  2 tengu conjurers
  5 harpy zombies (Shoals:2)
  An ice devil (Lair:4)
  2 hellwings (Gauntlet)
  An entropy weaver simulacrum (Lair:4)
  9 trolls
  8 polar bears
  18 merfolk
  A hornet (D:7)
  4 meliai (Shoals:1)
  2 wind drakes
  7 blink frogs
  8 slime creatures (D:12)
  21 dream sheep
  8 snapping turtles
  A spriggan (shapeshifter) (D:13)
  A wraith (D:14)
  5 water elementals
  54 yaks
  2 shadows
  2 vampires (D:11)
  Eustachio (D:6)
  6 wyverns
  4 basilisks
  11 steam dragons
  A redback (Lair:2)
  A redback simulacrum (D:14)
  9 vampire mosquitoes
  2 death yak simulacra (Lair:4)
  5 wargs
  3 acid dragons
  Duvessa (D:7)
  13 water moccasins
  A swamp drake (D:9)
  4 black bears
  32 orc warriors
  An ice beast (D:7)
  2 black bears (shapeshifter) (Gauntlet)
  7 ogres
  11 wolves
  A manticore zombie (Shoals:2)
  9 centaurs
  Blork the orc (D:4)
  3 kobold brigands
  A two-headed ogre simulacrum (Lair:4)
  9 bullfrogs
  2 necrophages
  2 gnoll sergeants
  5 scorpions
  18 wights
  Dowan (D:7)
  9 killer bees (D:7)
  10 electric eels
  5 howler monkeys
  A hound (D:6)
  2 jellies
  A gnoll bouda (D:7)
  10 orc priests
  Crazy Yiuf (D:2)
  Jessica (D:2)
  15 iguanas
  Natasha (thrice) (D:2)
  13 orc wizards
  8 gnolls
  12 adders
  2 shadow imps
  3 white imps
  2 ufetubi
  A worm (D:4)
  2 dart slugs
  50 orcs
  4 ball pythons
  7 endoplasms
  4 giant cockroaches
  9 goblins
  2 hobgoblins
  2 quokkas
  6 bats
  14 frilled lizards
  14 kobolds
  2 rats
752 creatures vanquished.

Vanquished Creatures (collateral kills)
  An orc warlord (Orc:1)
  2 merfolk javelineers
  The ghost of person50605 the Spear-Bearer, a journeyman DsGl of Ignis (Lair:1)
  A death yak (Lair:5)
  A sea snake (Shoals:1)
  An orc knight (Orc:1)
  4 fauns (Shoals:1)
  An orc sorcerer (Orc:1)
  A merfolk siren (Shoals:1)
  3 snapping turtles (Shoals:1)
  3 yaks (Lair:1)
  A wyvern (Lair:5)
  A warg (Orc:1)
  3 orc warriors (Orc:1)
  3 orc priests (Orc:1)
  3 orc wizards (Orc:1)
  9 orcs (Orc:1)
39 creatures vanquished.

Vanquished Creatures (others)
  A wizard (D:14)
  A deep elf pyromancer (D:15)
  A bullfrog (D:8)
  A bush (Lair:5)
  3 fulminant prisms (Shoals:2)
  41 fungi
  137 plants
185 creatures vanquished.

Grand Total: 976 creatures vanquished

Notes
Turn   | Place    | Note
-------+----------+-------------------------------------------
     0 | D:1      | LustLizard the Gargoyle Earth Elementalist began the quest
                  | for the Orb.
     0 | D:1      | Reached XP level 1. HP: 10/10 MP: 3/3
    62 | D:1      | Reached skill level 1 in Transmutations
   112 | D:1      | Reached XP level 2. HP: 16/16 MP: 3/5
   476 | D:1      | Found a faded altar of an unknown god.
   929 | D:2      | Noticed Natasha
   931 | D:2      | Reached skill level 1 in Fighting
   935 | D:2      | Killed Natasha
   936 | D:2      | Reached XP level 3. HP: 15/20 MP: 0/6
  1143 | D:2      | Reached XP level 4. HP: 25/25 MP: 5/7
  1191 | D:2      | Noticed Natasha
  1195 | D:2      | Killed Natasha
  1422 | D:2      | Noticed Jessica
  1448 | D:2      | Killed Jessica
  1449 | D:2      | Reached XP level 5. HP: 30/30 MP: 3/8
  1616 | D:2      | Found a runed translucent door.
  1617 | D:2      | Noticed Crazy Yiuf
  1666 | D:2      | Noticed Natasha
  1669 | D:2      | Killed Natasha
  1670 | D:2      | Reached skill level 5 in Earth Magic
  2085 | D:3      | Learned a level 3 spell: Stone Arrow
  2167 | D:3      | Found Gidosura's Antique Weapon Shop.
  2404 | D:3      | Found a bloodstained altar of Trog.
  2435 | D:3      | Found a shimmering blue altar of Sif Muna.
  2563 | D:3      | Reached XP level 6. HP: 35/35 MP: 8/10
  2868 | D:3      | Found a snail-covered altar of Cheibriados.
  2868 | D:3      | Found an ornate altar of the Wu Jian Council.
  2963 | D:4      | Noticed a +4 dagger
  2964 | D:4      | Noticed a +0 dagger
  2986 | D:4      | Found a hide-covered altar of Uskayaw.
  3071 | D:4      | Reached skill level 1 in Conjurations
  3134 | D:4      | Noticed Blork the orc
  3139 | D:4      | Killed Blork the orc
  3208 | D:4      | Reached XP level 7. HP: 40/40 MP: 6/11
  3742 | D:5      | Entered Level 5 of the Dungeon
  3862 | D:5      | Noticed a steam dragon
  3881 | D:5      | Killed a steam dragon
  4354 | D:5      | Reached XP level 8. HP: 46/46 MP: 10/13
  4510 | D:5      | Found a staircase to the Ecumenical Temple.
  4533 | Temple   | Entered the Ecumenical Temple
  4539 | Temple   | Became a worshipper of Makhleb the Destroyer
  5093 | D:2      | Killed Crazy Yiuf
  5621 | D:6      | Learned a level 4 spell: Petrify
  5626 | D:6      | Learned a level 4 spell: Fulminant Prism
  5647 | D:6      | Noticed Eustachio
  5829 | D:6      | Killed Eustachio
  5963 | D:6      | Reached XP level 9. HP: 52/52 MP: 12/15
  5967 | D:6      | Reached skill level 1 in Invocations
  6439 | D:7      | Reached skill level 1 in Hexes
  6439 | D:7      | Reached skill level 1 in Evocations
  6576 | D:7      | Noticed Duvessa
  6604 | D:7      | Reached * piety under Makhleb
  6811 | D:7      | Noticed Dowan
  6815 | D:7      | Killed Duvessa
  6817 | D:7      | Killed Dowan
  7026 | D:7      | Reached skill level 5 in Conjurations
  7123 | D:7      | Reached skill level 5 in Fighting
  7409 | D:7      | Reached XP level 10. HP: 59/59 MP: 5/17
  7658 | D:7      | Reached ** piety under Makhleb
  7659 | D:7      | Reached skill level 5 in Spellcasting
  8311 | D:8      | Noticed Psyche
  8317 | D:8      | Killed Psyche
  8415 | D:8      | Identified the +5 long sword of Judgement {vorpal, rN+
                  | Will+}
  8439 | D:8      | Reached skill level 10 in Earth Magic
  8800 | D:8      | Reached skill level 1 in Armour
  9008 | D:8      | Reached XP level 11. HP: 65/65 MP: 15/19
  9334 | D:9      | Found a shadowy altar of Dithmenos.
  9346 | D:9      | Reached skill level 5 in Invocations
  9432 | D:9      | Reached *** piety under Makhleb
 10371 | D:9      | Found a staircase to the Lair.
 10514 | D:10     | Entered Level 10 of the Dungeon
 10609 | D:10     | Reached skill level 5 in Evocations
 10724 | D:10     | Found a runed translucent gate.
 10724 | D:10     | Found a runed translucent gate.
 10724 | D:10     | Found a runed translucent gate.
 10758 | D:10     | Noticed fishwithlegs's ghost (journeyman MiBe)
 10816 | D:10     | Found a staircase to the Orcish Mines.
 11531 | D:11     | Noticed Harold
 11536 | D:11     | Killed Harold
 11656 | D:11     | Noticed a cyclops
 11824 | D:11     | Killed a cyclops
 11825 | D:11     | Reached XP level 12. HP: 54/73 MP: 8/21
 11974 | D:11     | Noticed a boulder beetle
 11985 | D:11     | Reached **** piety under Makhleb
 12066 | D:11     | Killed a boulder beetle
 12913 | D:11     | Found Xere's Weapon Emporium.
 13429 | D:12     | Noticed a boulder beetle
 13439 | D:12     | Killed a boulder beetle
 13625 | D:12     | Noticed a two-headed ogre
 13633 | D:12     | Killed a two-headed ogre
 13976 | D:12     | Noticed a two-headed ogre
 13981 | D:12     | Killed a two-headed ogre
 14088 | D:12     | Noticed a boulder beetle
 14097 | D:12     | Killed a boulder beetle
 14334 | D:12     | Noticed a soul eater
 15490 | Lair:1   | Entered Level 1 of the Lair of Beasts
 15494 | Lair:1   | Noticed a six-headed hydra
 15496 | Lair:1   | Reached skill level 5 in Armour
 15501 | Lair:1   | Killed a six-headed hydra
 15502 | Lair:1   | Reached XP level 13. HP: 57/81 MP: 8/23
 15761 | Lair:1   | Reached skill level 10 in Fighting
 15833 | Lair:1   | Noticed Erica
 15853 | Lair:1   | Killed Erica
 15962 | Lair:1   | Noticed a minotaur
 15966 | Lair:1   | Noticed person50605's ghost (journeyman DsGl)
 15982 | Lair:1   | Found a runed translucent gate.
 15982 | Lair:1   | Found a runed translucent gate.
 15982 | Lair:1   | Found a runed translucent gate.
 17151 | Lair:2   | You fall into a shaft and drop 2 floors!
 17211 | Lair:4   | Found a dark tunnel.
 17270 | Volcano  | Entered a volcano
 18254 | Volcano  | Reached ***** piety under Makhleb
 18257 | Volcano  | Reached skill level 10 in Invocations
 18261 | Volcano  | Noticed an orb of fire
 18446 | Volcano  | Noticed an orb of fire
 19830 | Lair:3   | Learned a level 5 spell: Lee's Rapid Deconstruction
 19972 | Lair:3   | Gained mutation: Your large and strong wings let you fly.
                  | [Gargoyle growth]
 19972 | Lair:3   | Reached XP level 14. HP: 77/90 MP: 6/26
 20443 | Lair:2   | Reached skill level 10 in Conjurations
 20793 | Lair:2   | Found a hole to the Spider Nest.
 20942 | Lair:2   | Found a staircase to the Shoals.
 21252 | Lair:2   | Found a blossoming altar of Fedhas.
 22484 | Lair:4   | Noticed Sonja
 24033 | Lair:4   | Found a runed translucent door.
 24035 | Lair:4   | Found a shimmering altar of Xom.
 24035 | Lair:4   | Noticed Kuerar's ghost (journeyman BaFi)
 24344 | Lair:4   | Killed Sonja
 24456 | Lair:4   | Reached skill level 1 in Shields
 24629 | Lair:5   | Entered Level 5 of the Lair of Beasts
 24959 | Lair:5   | Reached ****** piety under Makhleb
 25533 | Lair:5   | Found a viscous altar of Jiyva.
 25533 | Lair:5   | Found a staircase to the Slime Pits.
 26029 | Lair:5   | Reached XP level 15. HP: 97/97 MP: 0/27
 28333 | Lair:5   | Identified the +4 rapier of Fiogu {spect, Drain rElec
                  | Int+3}
 28772 | Lair:1   | Killed person50605's ghost
 29490 | D:13     | Found an ancient bone altar of Kikubaaqudgha.
 29748 | D:13     | Reached skill level 5 in Shields
 30468 | D:13     | Found a gate to the Vaults.
 30588 | D:14     | Found a gate leading to a gauntlet.
 30737 | Gauntlet | Entered a Gauntlet
 30737 | Gauntlet | Found a transporter.
 30746 | Gauntlet | Found a transporter.
 30746 | Gauntlet | Found a transporter.
 30752 | Gauntlet | Found a transporter.
 30752 | Gauntlet | Found a runed translucent door.
 30761 | Gauntlet | Found a transporter.
 30762 | Gauntlet | Found a transporter.
 30768 | Gauntlet | Found a transporter.
 30770 | Gauntlet | Found a transporter.
 30774 | Gauntlet | Found a transporter.
 30779 | Gauntlet | Found a transporter.
 30781 | Gauntlet | Found a runed translucent gate.
 30781 | Gauntlet | Found a runed translucent gate.
 30781 | Gauntlet | Found a runed translucent gate.
 30786 | Gauntlet | Found a transporter.
 30800 | Gauntlet | Found a transporter.
 30806 | Gauntlet | Found a transporter.
 30810 | Gauntlet | Found a transporter.
 31966 | Gauntlet | Identified the +1 crystal plate armour "Vihasyil" {rF+
                  | rN+++ SInv Stlth-}
 33027 | D:15     | Entered Level 15 of the Dungeon
 33340 | D:15     | Reached XP level 16. HP: 106/106 MP: 26/29
 33402 | D:15     | Found Agroown's Distillery.
 34149 | D:15     | Found a staircase to the Depths.
 35437 | Orc:1    | Entered Level 1 of the Orcish Mines
 35772 | Orc:2    | Entered Level 2 of the Orcish Mines
 35774 | Orc:2    | Found Witzo's Antique Weapon Shop.
 35779 | Orc:2    | Paralysed by an orc sorcerer for 5 turns
 37094 | Orc:2    | Found Ycaoz's Book Shop.
 37352 | Orc:2    | Found Bezxy's Antique Armour Shoppe.
 37354 | Orc:2    | Found a staircase to the Elven Halls.
 37360 | Orc:2    | Bought a fine leather armour for 203 gold pieces
 37360 | Orc:2    | Identified the +3 leather armour of the Trilobite {Dex+4}
                  | (You bought it in a shop on level 2 of the Orcish Mines)
 37360 | Orc:2    | Bought a smoking buckler for 275 gold pieces
 37360 | Orc:2    | Identified the +0 buckler of Devotion {rCorr} (You bought
                  | it in a shop on level 2 of the Orcish Mines)
 37459 | Orc:2    | Found Vayrch's General Store.
 37481 | Orc:2    | Bought a wand of digging (5) for 357 gold pieces
 37481 | Orc:2    | Bought a scroll of identify for 34 gold pieces
 37481 | Orc:2    | Bought a scroll of enchant armour for 127 gold pieces
 37934 | Orc:1    | Found a burning altar of Makhleb.
 38158 | Orc:2    | Bought a book of the Spheres for 702 gold pieces
 38158 | Orc:2    | Bought a Young Poisoner's Handbook for 260 gold pieces
 38184 | Orc:2    | Learned a level 4 spell: Olgreb's Toxic Radiance
 38402 | Shoals:1 | Entered Level 1 of the Shoals
 38670 | Shoals:1 | Reached skill level 1 in Poison Magic
 38672 | Shoals:1 | Reached skill level 1 in Staves
 39277 | Shoals:1 | Identified 2 scrolls of acquirement
 39616 | Shoals:1 | Found a hide-covered altar of Uskayaw.
 39617 | Shoals:1 | Acquired the +3 quarterstaff of Gehenna {speed, rElec rCorr
                  | Stlth+}
 39636 | Shoals:1 | Acquired the amulet "Bilah" {Faith Drain +Blink Dex+3}
 40164 | Shoals:1 | Reached skill level 1 in Polearms
 41676 | Shoals:2 | Noticed Ilsuiw
 41958 | Shoals:2 | Reached skill level 5 in Poison Magic
 42704 | Shoals:2 | Noticed Polyphemus
 42977 | Shoals:2 | Reached XP level 17. HP: 90/112 MP: 27/30
 44180 | Shoals:3 | Learned a level 5 spell: Fireball
 44317 | Shoals:3 | Found a flickering gateway to a bazaar.
 44323 | Bazaar   | Entered a bazaar
 44530 | Bazaar   | Found Safoobladd's Distillery.
 44550 | Bazaar   | Found Moschoet's Magic Scroll Shop.
 44555 | Bazaar   | Bought a scroll of teleportation for 42 gold pieces
 44555 | Bazaar   | Bought a scroll of blinking for 105 gold pieces
 44555 | Bazaar   | Bought a scroll of blinking for 105 gold pieces
 44555 | Bazaar   | Bought a scroll of identify for 28 gold pieces
 44582 | Bazaar   | Found Bagewyr's Magic Scroll Shop.
 44586 | Bazaar   | Bought a scroll of blinking for 82 gold pieces
 44586 | Bazaar   | Bought a scroll of summoning for 104 gold pieces
 44593 | Bazaar   | Found Taoq's Distillery.
 44601 | Bazaar   | Bought a potion of heal wounds for 60 gold pieces
 44621 | Bazaar   | Bought 2 potions of resistance for 200 gold pieces
 44621 | Bazaar   | Bought a potion of mutation for 80 gold pieces
 44621 | Bazaar   | Bought a potion of mutation for 80 gold pieces
 45676 | Shoals:3 | Identified the +0 scale mail of the Arcane {Harm rC+ SInv}
 45678 | Shoals:3 | Found Fyshroyr's Distillery.
 45975 | Shoals:3 | Bought a potion of magic for 152 gold pieces
 45975 | Shoals:3 | Bought a potion of heal wounds for 95 gold pieces
 45977 | Shoals:3 | Found Xuitho's Weapon Shoppe.
 45998 | Shoals:3 | Noticed a kraken
 46140 | Shoals:4 | Entered Level 4 of the Shoals
 46805 | Shoals:4 | HP: 5/112 [merfolk impaler/+2 trident of freezing (6)]
 47478 | Shoals:4 | Noticed Louise
 47912 | Shoals:4 | Killed from afar by a merfolk aquamancer

Illustrated notes

Levels and vault maps discovered:
D:1:      dpeg_arrival_houses_and_road, layout_basic,
          dreamdust_ecumenical_altar_grove
D:2:      layout_loops_cross, uniq_crazy_yiuf_cottage, uniq_natasha,
          uniq_jessica
D:3:      layout_loops_ring, nzn_overflow_gifts_of_might_and_magic,
          gammafunk_temple_overflow_statue, serial_shops, nicolae_diamond_shop
D:4:      layout_loops_ring, dancing_weapons_uskayaw, grunt_ministairs_8,
          uniq_blork_the_orc
D:5:      layout_basic, minmay_temple_entry_sparse_star, serial_bayou_ford_a,
          minmay_checkerbox
D:6:      layout_basic, serial_curves, eino_curves_04, eino_curves_01,
          eino_curves_02, kennysheep_nub, uniq_eustachio
D:7:      cheibrodos_barr_body, layout_loops_ring, kennysheep_cluttered_room,
          eino_jars, uniq_duvessa
D:8:      layout_rooms, uniq_psyche
D:9:      layout_basic, mainiacjoe_overflow_tiny_flanked, erik_lair_dragon
D:10:     layout_big_octagon, minmay_orc_entry_guard_dogs, gammafunk_ghost_icy,
          grunt_decor_one_mirror
D:11:     layout_cave_pods, serial_shops, kennysheep_little_box,
          grunt_ministairs_4, uniq_harold
D:12:     layout_basic
D:13:     layout_rooms, david_vaults_5, kiku_gazebo_pond_becter
D:14:     layout_rooms, gauntlet_entry_generic, chequers_serial_rivers_micro_b,
          minmay_misc_feat_nine_boxes
D:15:     grunt_enter_depths_hoard, layout_long_grid, minmay_misc_feat_roman,
          serial_shops, shop, dk_noncrumbling_2
Temple:   kb_temple_of_zot
Lair:1:   layout_big_grid, maelrawn_ghost_gauntlet_escape, st_stairs_4,
          gammafunk_lair_bear_cave, grunt_megastairs_5, lemuel_fruit_tree,
          uniq_erica
Lair:2:   layout_chaotic_city, elwin_shoals_entry_rooms, spider_nest_entry_webs,
          hangedman_tree_tricks, minivault_26, serial_bayou_shore_b
Lair:3:   lemuel_reptile_caves, layout_regular_city, bobbens_dragon_lair_wall
Lair:4:   dreamdust_isle_of_ice, layout_cave_pods, enter_volcano_1,
          ebering_ghost_xom, serial_bayou_shore_a, grunt_megastairs_4,
          infiniplex_staircase_pool_2, uniq_sonja
Lair:5:   grunt_lair_end_beastmaster, layout_cave_pods, slime_entry_1
Shoals:1: layout_shoals, regret_index_shoals_crete
Shoals:2: layout_shoals, nicolae_shoals_lost_giant_amphitheater,
          nicolae_shoals_undead_eyrie, uniq_ilsuiw, uniq_polyphemus
Shoals:3: layout_shoals, serial_shops, bzr_entry_safe,
          nicolae_shop_hallway_stairs, nicolae_diamond_shop,
          nicolae_shoals_circle_sea_wall
Shoals:4: shoals_end_grunt_ice, layout_shoals, uniq_louise
Orc:1:    layout_caves, basic_altar
Orc:2:    grunt_orc_gardens, layout_diamond_mine, grunt_orc_garden,
          grunt_orc_garden, grunt_orc_garden, grunt_orc_garden

Skill      XL: |  1  2  3  4  5  6  7  8  9 10 11 12 13 14 15 16 17 |
---------------+----------------------------------------------------+-----
Transmutations | 1 2 3 4 |  4.7
Earth Magic    | 4 5 6 8 9 10 11 12 13 14 | 14.4
Fighting       | 1 2 3 4 5 6 8 9 11 12 14 | 14.7
Spellcasting   | 3 4 5 6 7 8 9 |  9.9
Conjurations   | 1 2 3 5 7 8 9 10 11 12 13 | 13.0
Invocations    | 3 4 6 8 10 12 13 14 | 14.1
Hexes          | 2 3 |  3.2
Evocations     | 2 3 5 6 7 |  7.6
Armour         | 1 3 5 6 |  6.0
Shields        | 3 6 |  6.0
Poison Magic   | 5 7 |  7.0
Staves         | 1 |  1.9
Polearms       | 2 3 |  3.9
Dodging        | |  1.5
Stealth        | |  2.1

Action                   |  1- 3 |  4- 6 |  7- 9 | 10-12 | 13-15 | 16-18 || total
-------------------------+-------+-------+-------+-------+-------+-------++-------
Melee: Staff             |       |     1 |     3 |    15 |    65 |    43 ||   127
       Quarterstaff      |       |       |       |       |       |    43 ||    43
 Cast: Sandblast         |    32 |    58 |   119 |   282 |   586 |   280 ||  1357
       Stone Arrow       |       |       |    21 |    97 |   357 |   380 ||   855
       Petrify           |       |       |     2 |     1 |     1 |     2 ||     6
       Lee's Rapid Decon |       |       |       |       |     6 |       ||     6
       Olgreb's Toxic Ra |       |       |       |       |       |    10 ||    10
       Fulminant Prism   |       |       |       |       |       |     3 ||     3
Invok: Lesser Servant of |       |       |       |     3 |       |     1 ||     4
       Major Destruction |       |       |       |     2 |     2 |    15 ||    19
       Greater Servant o |       |       |       |       |     1 |     5 ||     6
Evoke: Box of beasts     |       |       |       |       |     2 |       ||     2
       Phantom mirror    |       |       |       |       |     1 |     1 ||     2
  Use: Scroll            |       |     1 |     2 |    11 |    17 |    13 ||    44
       Potion            |       |       |     1 |     1 |     7 |    23 ||    32
 Stab: Petrified         |       |       |       |       |     2 |       ||     2
Armor: Robe              |     5 |     2 |       |       |       |       ||     7
       Leather armour    |       |     4 |    37 |    95 |    38 |   276 ||   450
       Fire dragon scale |       |       |       |       |   476 |   174 ||   650
Dodge: Dodged            |     6 |     8 |    40 |   126 |   285 |   335 ||   800
Block: Other             |       |       |    15 |    39 |    75 |       ||   129
       Reflection        |       |       |     3 |     7 |    13 |    15 ||    38
       Buckler           |       |       |       |       |   217 |   129 ||   346
